 Dungeon Crawl Stone Soup version 0.31.0-32-g396128a36d (webtiles) character file.

Game seed: 6073126924735314707

2559 monsoonserge the Grappler (level 9, -17/58 HPs)
             Began as an Octopode Shapeshifter on Apr 12, 2024.
             Was an Initiate of Gozag.
             Demolished by a gargoyle
             ... wielding a +5 quarterstaff
              (26 damage)
             ... on level 7 of the Dungeon.
             The game lasted 00:24:50 (6199 turns).

monsoonserge the Grappler (Octopode Shapeshifter)   Turns: 6199, Time: 00:24:50

Health: -17/58     AC:  1    Str: 17    XL:     9   Next: 56%
Magic:  9/9        EV: 18    Int: 12    God:    Gozag
Gold:   27         SH:  0    Dex: 12    Spells: 8/8 levels left

rFire   . .          .
                       - Unarmed
rCold   . . .        (shield currently unavailable)
rNeg    . . .        (helmet restricted)
rPois   +            (no amulet)
rElec   .            m - ring of poison resistance
rCorr   .            (no ring)
SInv    .            (no ring)
Will    .....        (no ring)
Stlth   ++           (no ring)
HPRegen 0.29/turn    (no ring)
MPRegen 0.11/turn    (no ring)
                     (no ring)

%: no passive effects
@: mighty, brilliant, flux-form, glowing
A: glow, contaminating, almost no armour, amphibious, 8 rings, camouflage 1,
gelatinous body 1, (nimble swimmer 1), tentacles
a: Begin Untransformation, Renounce Religion, Potion Petition, Call Merchant,
Bribe Branch


You were on level 7 of the Dungeon.
You worshipped Gozag.
Gozag was noncommittal.
You were something dangerously unstable.
You visited 2 branches of the dungeon, and saw 8 of its levels.
You also visited: Sewer.

You collected 628 gold pieces.
You spent 125 gold pieces at shops.
You paid 476 gold pieces to Gozag.

Inventory:

Missiles
 q - 3 curare-tipped darts
 y - a throwing net
 D - 5 silver javelins
 F - 2 atropa-tipped darts
Magical Staves
 h - a staff of cold
 B - a staff of alchemy
Jewellery
 m - a ring of poison resistance (left tentacle)
 s - a ring of fire
Talismans
 c - a flux talisman (active)
Wands
 l - a wand of quicksilver (3)
 C - a wand of flame (14) (quivered)
Scrolls
 b - 2 scrolls of enchant armour {unknown}
 d - 2 scrolls of brand weapon
 e - 4 scrolls of fear {unknown}
 f - 4 scrolls of teleportation {unknown}
 k - a scroll of amnesia {unknown}
 o - a scroll of torment {unknown}
 r - 3 scrolls of fog
 t - a scroll of revelation {unknown}
 x - 2 scrolls of enchant weapon {unknown}
 A - 2 scrolls of blinking {unknown}
 E - a scroll of poison {unknown}
Potions
 a - a potion of lignification
 g - 3 potions of enlightenment
 i - a potion of attraction
 j - 2 potions of heal wounds
 n - 2 potions of haste {unknown}
 p - 3 potions of cancellation {unknown}
 u - a potion of might {unknown}
 v - a potion of magic {unknown}
 w - 2 potions of degeneration {unknown}
 z - 2 potions of brilliance {unknown}


   Skills:
 + Level 3.9 Fighting
 + Level 3.8 Dodging
 + Level 3.4 Stealth
 + Level 8.8 Unarmed Combat
 - Level 2.0 Evocations
 + Level 7.4 Shapeshifting


You had 8 spell levels left.
You didn't know any spells.
Your spell library contained the following spells:

 Spells                   Type           Power      Damage    Failure   Level
 Magic Dart               Conj           0%         1d3       32%         1
 Searing Ray              Conj           0%         2d4       45%         2
 Call Canine Familiar     Summ           0%         N/A       69%         3
 Gell's Gravitas          Tloc           0%         N/A       69%         3
 Sigil of Binding         Hex            0%         N/A       69%         3
 Teleport Other           Tloc           0%         N/A       69%         3
 Dimensional Bullseye     Hex/Tloc       0%         N/A       97%         4
 Fulminant Prism          Conj/Alch      0%         3d5       97%         4
 Dispersal                Tloc           0%         N/A       100%        6


Dungeon Overview and Level Annotations

Branches:
Dungeon (7/15)             Temple (1/1) D:5           Sewer (visited)

Altars:
Ashenzari
Dithmenos
Elyvilon
Fedhas
Gozag
Hepliaklqana
Makhleb
Nemelex Xobeh
Okawaru
Ru
Sif Muna
Trog
Uskayaw
Vehumet
Wu Jian
Xom
Yredelemnul
Zin

Shops:
D:6 *

Annotations:
D:6 3 runed translucent doors, maldita's ghost, novice DECj
D:7 4 runed translucent doors


Innate Abilities, Weirdness & Mutations

You are something dangerously unstable.
You glow with magical radiation, making you easy to see and hit.
Foes you strike become dangerously contaminated with magical radiation.
You are incapable of wielding weapons or throwing items.
You cannot wear most types of armour.
You are amphibious.
You can wear up to eight rings at the same time.
Your skin changes colour to match your surroundings (Stealth+).
Your rubbery body absorbs attacks. (AC +1, EV +1)
((You are camouflaged when in or above water. (Stealth+)))
You have tentacles for arms and can constrict up to eight enemies at once.


Message History

You tentacle-slap the scorpion.
The scorpion glows dangerously bright.
You grab the scorpion. You squeeze the scorpion.
The scorpion is severely wounded.
You constrict the scorpion, but do no damage.
The scorpion completely misses you.
You tentacle-slap the scorpion but do no damage.
The scorpion shudders as magic cascades through it!
You kill the scorpion!
You now have 411 gold pieces (gained 5).
Found a stone staircase leading up.
A gargoyle comes into view. It is wielding a +5 quarterstaff.
Found a hazy altar of Hepliaklqana.
Found a faded altar of an unknown god.
You barely miss the gargoyle. Your grab misses the gargoyle.
You tentacle-slap the gargoyle but do no damage.
The gargoyle begins to glow.
You grab the gargoyle.
You constrict the gargoyle, but do no damage.
The gargoyle hits you with a +5 quarterstaff!!
Ouch! That really hurt!
You tentacle-slap the gargoyle but do no damage.
The gargoyle glows dangerously bright.
You constrict the gargoyle, but do no damage.
The gargoyle hits you with a +5 quarterstaff!!
* * * LOW HITPOINT WARNING * * *
[a] - 700 gold - lignification, might, resistance, curing and magic [b] - 667 gold - curing, magic, invisibility and might [c] - 384 gold - might, brilliance and magic Purchase which effect?
You don't have enough gold for that! [a] - 700 gold - lignification, might, resistance, curing and magic [b] - 667 gold - curing, magic, invisibility and might [c] - 384 gold - might, brilliance and magic Purchase which effect?
You no longer have enough gold to petition Gozag for potion effects.
You feel very mighty all of a sudden.
You feel clever all of a sudden. Magic courses through your body.
You constrict the gargoyle, but do no damage.
The gargoyle hits you with a +5 quarterstaff!!
You die...
Your body crumbles into a pile of gold.

#......................# .
##.....................###.
#..................#..#...
#....#####.#..###.##..#...
###..#...#.##<.##..##.....
##...#._.#.........#.##..#
#....#...##....##.........
######..9#######§§###)....
####.....§§p§§§§§.§.# #.....
#..#._...#§§§§§§§§§.###.....
#..#......§.§§§§§§§§........
###..#####..§#######§.........
##..###.#.#... ##........<
#....##...#.8.### #####....#...
#.........#...#.###.......####.
#...#.....#####......##....##..
######......##..##....#...###..


You could see a gargoyle (heavy contam).

Vanquished Creatures
  Grinder (D:3)
  3 sky beasts (D:6)
  2 black bears (D:4)
  An ice beast (D:6)
  An ogre (D:4)
  3 centaurs
  6 scorpions
  5 wights (D:7)
  3 bombardier beetles
  2 hounds
  2 orc priests
  6 jellies
  3 iguanas
  Jessica (D:2)
  6 orc wizards
  4 gnolls
  7 adders
  3 river rats (Sewer)
  A shadow imp (D:7)
  A white imp (D:6)
  2 ribbon worms
  4 dart slugs
  15 orcs
  8 ball pythons
  16 endoplasms
  6 giant cockroaches
  2 goblins
  5 hobgoblins
  11 quokkas
  4 bats
  5 frilled lizards
  5 kobolds
  6 rats
150 creatures vanquished.

Notes
Turn   | Place    | Note
-------+----------+-------------------------------------------
     0 | D:1      | monsoonserge the Octopode Shapeshifter began the quest for
                  | the Orb.
     0 | D:1      | Reached XP level 1. HP: 13/13 MP: 1/1
   144 | D:1      | Reached skill level 1 in Stealth
   144 | D:1      | Reached XP level 2. HP: 14/18 MP: 2/2
   260 | D:1      | Found a faded altar of an unknown god.
   580 | D:2      | Reached XP level 3. HP: 24/24 MP: 3/3
   698 | D:2      | Noticed Jessica
   702 | D:2      | Killed Jessica
   703 | D:2      | Reached XP level 4. HP: 24/29 MP: 4/4
   714 | D:2      | Reached skill level 4 in Unarmed Combat
  1066 | D:3      | Noticed Grinder
  1084 | D:3      | Killed Grinder
  1085 | D:3      | Reached skill level 6 in Unarmed Combat
  1085 | D:3      | Reached XP level 5. HP: 23/34 MP: 5/5
  1085 | D:3      | Reached XP level 6. HP: 26/39 MP: 6/6
  1411 | D:3      | Found an iron altar of Okawaru.
  1571 | D:4      | Reached skill level 1 in Evocations
  1763 | D:4      | Reached XP level 7. HP: 30/45 MP: 7/7
  1890 | D:4      | Found a bloodstained altar of Trog.
  1898 | D:4      | Reached skill level 7 in Unarmed Combat
  2011 | D:4      | Found a glowing drain.
  2037 | Sewer    | Entered a sewer
  2136 | Sewer    | Reached skill level 8 in Unarmed Combat
  2136 | Sewer    | Reached XP level 8. HP: 19/52 MP: 8/8
  2355 | Sewer    | Found a viscous altar of Jiyva.
  3346 | D:5      | Entered Level 5 of the Dungeon
  3601 | D:5      | Found a staircase to the Ecumenical Temple.
  3609 | D:5      | Reached skill level 5 in Shapeshifting
  3621 | Temple   | Entered the Ecumenical Temple
  3640 | Temple   | Became a worshipper of Gozag Ym Sagoz the Greedy
  4009 | D:6      | Found a blossoming altar of Fedhas.
  4166 | D:6      | Found a runed translucent gate.
  4166 | D:6      | Found a runed translucent gate.
  4169 | D:6      | Found a runed translucent gate.
  4174 | D:6      | Noticed maldita's ghost (novice DECj)
  4296 | D:6      | HP: 2/52 [centaur/arrow (10)]
  4564 | D:6      | Reached XP level 9. HP: 39/56 MP: 9/9
  5457 | D:6      | Found Zoliw's Assorted Antiques.
  5460 | D:6      | Bought a scroll labelled DOPTUEROINT for 25 gold pieces
  5460 | D:6      | Bought a scroll labelled DOPTUEROINT for 25 gold pieces
  5460 | D:6      | Bought a scroll labelled PUSIEL MAJAZ for 25 gold pieces
  5460 | D:6      | Bought a scroll labelled DOPTUEROINT for 25 gold pieces
  5460 | D:6      | Bought a scroll labelled DIWNAN TU ATU for 25 gold pieces
  5956 | D:7      | Found a large runed translucent door.
  5956 | D:7      | Found a large runed translucent door.
  6010 | D:7      | Found a large runed translucent door.
  6010 | D:7      | Found a large runed translucent door.
  6011 | D:7      | Noticed a troll
  6012 | D:7      | Noticed a two-headed ogre
  6194 | D:7      | Found a hazy altar of Hepliaklqana.
  6194 | D:7      | Noticed a gargoyle
  6195 | D:7      | Found a faded altar of an unknown god.
  6199 | D:7      | Demolished by a gargoyle

Illustrated notes

Levels and vault maps discovered:
D:1:      dpeg_arrival_fog, layout_basic,
          hellmonk_ecumenical_altar_inner_sanctum
D:2:      layout_basic, uniq_jessica
D:3:      layout_rooms, okawaru_metal_pillars_1_2, uniq_grinder
D:4:      layout_layer_cave, trog_ov_bears_minmay, gup_sewer_entry_pipe,
          serial_bayou_ford_a
D:5:      layout_rooms, minmay_temple_entry_junction, serial_glass,
          glass_columns_b, glass_columns_a, minmay_misc_feat_more_columns
D:6:      layout_loops_corners, fedhas_altar_2, serial_shops, shop,
          ebering_ghost_rock_garden
D:7:      layout_cave_pools, beargit_hepliaklqana_dungeon_heroes,
          minmay_hollow_rounded_squares
Temple:   nicolae_temple_superstar

Skill      XL: |  1  2  3  4  5  6  7  8  9 |
---------------+----------------------------+-----
Stealth        | 1 3 |  3.4
Fighting       | 2 3 |  3.9
Unarmed Combat | 6 8 |  8.8
Evocations     | 1 2 |  2.0
Dodging        | 3 |  3.8
Shapeshifting  | 7 |  7.4

Action                     |  1- 3 |  4- 6 |  7- 9 || total
---------------------------+-------+-------+-------++-------
  Melee: Unarmed           |    40 |    52 |   241 ||   333
         Constrict         |    13 |    12 |    51 ||    76
         Tentacles         |     6 |     7 |    55 ||    68
         Punch             |     1 |     1 |    12 ||    14
  Throw: Dart              |       |       |     2 ||     2
 Invoke: Potion Petition   |       |       |     1 ||     1
  Evoke: Wand              |       |     2 |     3 ||     5
    Use: Scroll            |     2 |     2 |     1 ||     5
         Potion            |       |       |     1 ||     1
   Stab: Sleeping          |     3 |     4 |    16 ||    23
         Distracted        |     1 |     1 |       ||     2
 Armour: Skin              |    11 |    21 |    84 ||   116
  Dodge: Dodged            |    23 |    22 |   116 ||   161
   Form: Flux              |       |       |     1 ||     1
